 Dungeon Crawl Stone Soup version 0.29.1-15-g9cfb28693d (webtiles) character file.

Game seed: 14389305939533376388

62491 PhantomBowie the Fighter (level 15, -3/101 HPs)
             Began as a Gargoyle Berserker on Mar 4, 2023.
             Was a High Priest of Trog.
             Slain by Kirke
             ... wielding a staff of cold
              (28 damage)
             ... on level 5 of the Lair of Beasts on Mar 5, 2023.
             The game lasted 01:49:41 (28602 turns).

PhantomBowie the Fighter (Gargoyle Berserker)      Turns: 28602, Time: 01:49:41

Health: -3/101     AC:  0    Str: 28    XL:     15   Next: 6%
Magic:  15/15      EV: 17    Int:  8    God:    Trog [*****.]
Gold:   1469       SH:  5    Dex:  9    Spells: 14/14 levels left

rFire   . . .      SeeInvis .   (weapon currently unavailable)
rCold   . . .      Faith    .   (shield currently unavailable)
rNeg    + . .      Spirit   .   (body armour currently unavailable)
rPois   ∞          Reflect  +   (helmet currently unavailable)
rElec   .          Harm     .   (cloak currently unavailable)
rCorr   .          Rampage  .   (gloves currently unavailable)
Will    +....                   (boots currently unavailable)
Stlth   +.........              H - amulet of reflection
HPRegen 0.26/turn               (ring currently unavailable)
MPRegen 0.14/turn               (ring currently unavailable)

@: pig-form, slowed
A: fast, no casting, sickness immunity, AC +11, small, (big wings), negative
energy resistance 1, (electricity resistance), torment resistance 1,
petrification resistance
a: Renounce Religion, Berserk, Trog's Hand, Brothers in Arms


You were on level 5 of the Lair of Beasts.
You worshipped Trog.
Trog was extremely pleased with you.
You were a filthy swine.
You visited 4 branches of the dungeon, and saw 19 of its levels.

You collected 1595 gold pieces.
You spent 126 gold pieces at shops.

Inventory:

Hand Weapons
 B - a +2 morningstar
 L - the +2 dire flail of the Hummingbird {vorpal, Dex+4}
   (Trog gifted it to you on level 9 of the Dungeon)

   It inflicts extra damage upon your enemies.
   Dex:       It affects your dexterity (+4).
 O - a +4 great mace (melded)
Armour
 b - the +1 helmet of a wizard's laboratory (melded) {Stlth+}
   (You took it off Robin on level 4 of the Dungeon)

   Stlth:     It makes you more stealthy.
 c - a +1 cloak (melded)
 h - a +2 pair of gloves (melded)
 q - a +1 pair of boots (melded)
 P - a +2 plate armour of cold resistance (melded)
 S - the +0 kite shield of Tachorchuu {Will+ Str+4 Dex+2}
   (You found it on level 4 of the Lair of Beasts)

   Str:       It affects your strength (+4).
   Dex:       It affects your dexterity (+2).
   Will:      It increases your willpower.
Jewellery
 v - the ring of Vutin (melded) {Fly rPois SInv}
   (You found it on level 5 of the Dungeon)

   [ring of flight]

   rPois:     It protects you from poison.
   SInv:      It lets you see invisible.
   Fly:       It grants you flight.
 E - a ring of fire
 H - an amulet of reflection (around neck)
 J - a +4 ring of evasion (melded)
Wands
 i - a wand of mindburst (12)
 n - a wand of polymorph (33)
 y - a wand of roots (6)
 z - a wand of light (6)
 K - a wand of digging (9)
Scrolls
 d - 6 scrolls of vulnerability
 e - 6 scrolls of teleportation
 j - 4 scrolls of blinking
 k - 2 scrolls of acquirement {unknown}
 l - a scroll of silence
 o - 2 scrolls of butterflies
 p - 3 scrolls of poison
 r - 3 scrolls of torment
 s - a scroll of magic mapping {unknown}
 t - 3 scrolls of fear
 x - 7 scrolls of noise
 C - 2 scrolls of enchant armour {unknown}
 D - 3 scrolls of enchant weapon
 I - 2 scrolls of immolation {unknown}
Potions
 a - 12 potions of curing
 f - 6 potions of attraction
 g - 10 potions of lignification
 m - 3 potions of haste
 u - 2 potions of might
 w - a potion of cancellation
 A - 3 potions of degeneration
 F - a potion of resistance
 G - 2 potions of mutation
 M - a potion of berserk rage {unknown}
 N - 5 potions of heal wounds
 Q - a potion of ambrosia {unknown}
 R - a potion of flight {unknown}


   Skills:
 + Level 14.6 Fighting
 + Level 13.4 Maces & Flails
 + Level 14.3 Armour
 + Level 11.3 Dodging
 + Level 4.6 Shields


You had 14 spell levels left.
You didn't know any spells.
Your spell library was empty.

Dungeon Overview and Level Annotations

Branches:
Dungeon (11/15)            Temple (1/1) D:4            Lair (5/5) D:10
  Swamp (0/4) Lair:2        Snake (0/4) Lair:2        Slime (0/5) Lair:4
    Orc (2/2) D:11            Elf (0/3) Orc:2

Altars:
Ashenzari
Cheibriados
Dithmenos
Elyvilon
Fedhas
Gozag
Hepliaklqana
Kikubaaqudgha
Makhleb
Nemelex Xobeh
Okawaru
Qazlal
Ru
Sif Muna
Trog
Uskayaw
Vehumet
Wu Jian
Xom
Yredelemnul
Zin
The Shining One
Jiyva

Shops:
D:8 ?   Orc:2 (:

Annotations:
D:9 1 runed translucent door, KittyFluff's ghost, novice GrBe
Lair:5 Kirke


Innate Abilities, Weirdness & Mutations

You are a filthy swine.
You move quickly.
Your equipment is almost entirely melded.
You are incapable of wielding weapons or throwing items.
You cannot cast spells.
You are immune to sickness and miasma.
((Your stone body is resilient. (AC +11)))
You are immune to poison.
((Your large and strong wings let you fly.))
You resist negative energy. (rN+)
((You are resistant to electric shocks. (rElec)))
You are resistant to unholy torment.
You are immune to petrification.


Message History

Your +4 ring of evasion melds into your body.
You feel less resistant to cold.
You bite Kirke!
Kirke is moderately wounded.
You block Kirke's attack.
You bite Kirke!
Kirke is moderately wounded.
Kirke closely misses you.
You hit Kirke.
Kirke is heavily wounded.
Kirke points at you and mumbles some strange words.
You feel a momentary urge to oink.
You hit Kirke.
Kirke is heavily wounded.
Kirke hits you with a staff of cold. Kirke freezes you!!
Kirke points at you and mumbles some strange words.
You struggle to resist.
You closely miss Kirke.
Kirke is heavily wounded.
Kirke hits you with a staff of cold. Kirke freezes you!
You bite Kirke!
Kirke is heavily wounded.
Kirke casts a spell.
Kirke summons a lindwurm!
You completely miss Kirke.
Kirke is heavily wounded.
Kirke's hands start to glow.
Kirke barely misses you. The lindwurm closely misses you.
The lindwurm claws you! The lindwurm barely misses you.
You closely miss Kirke.
Kirke is heavily wounded.
Kirke gestures at you while chanting.
You feel a momentary urge to oink. The lindwurm breathes flames at you.
The blast of flame hits you!
* * * LOW HITPOINT WARNING * * *
You feel much better. Kirke hits you with a staff of cold!!
* * * LOW HITPOINT WARNING * * *
Kirke freezes you!!
You die...

..# #................♣
..##'................♣
..##................♣♣ ..#
#..............♣♣ †##
..............♣ ≈##
.............♣ §§#
...........♣♣ .##
.........k..♣ .#
..##.#.#.h#.♣ .## .#
#.#####@h♣♣ ..# ##
####h.♣♣ ..# #.##...h..♣
..# #.........♣ ..#
#...##.....♣ ..# ##'.
##....♣ #.##. #..
#.....♣♣♣♣
....#...###..####........♣


You could see Kirke, a lindwurm (summoned, catching breath) and 3 hogs.

Vanquished Creatures
  Gastronok (Lair:2)
  Josephine (Lair:3)
  4 hydras
  A boulder beetle (Lair:3)
  An orc high priest (Orc:2)
  13 death yaks
  14 spriggans
  A bog body (Lair:2)
  2 orc knights
  An orc sorcerer (Orc:2)
  2 black mambas (Lair:5)
  20 elephants
  A gargoyle (D:10)
  2 torpor snails (Lair:3)
  9 cane toads
  5 komodo dragons
  7 polar bears
  4 trolls
  7 hornets
  19 blink frogs
  Grinder (D:6)
  7 dream sheep
  A slime creature (Lair:4)
  2 shadows
  52 yaks
  5 wraiths (Lair:3)
  5 basilisks
  3 wyverns (Lair:4)
  2 steam dragons (D:8)
  3 nagas (Lair:2)
  6 wargs
  An acid dragon (D:8)
  12 water moccasins
  33 orc warriors
  5 black bears
  2 ogres
  2 sky beasts (D:7)
  28 wolves
  2 centaurs
  2 boggarts (Lair:5)
  2 phantoms
  A kobold brigand (D:8)
  11 bullfrogs
  3 necrophages
  5 scorpions
  8 wights
  19 killer bees
  2 electric eels
  3 howler monkeys
  9 jellies
  2 gnoll boudas
  4 hounds (D:7)
  28 orc priests
  Natasha (thrice) (D:2)
  An iguana (D:5)
  36 orc wizards
  Robin (D:4)
  11 adders
  17 gnolls
  A shadow imp (D:8)
  An ufetubus (D:7)
  2 worms (D:2)
  7 dart slugs
  122 orcs
  4 bats
  13 endoplasms
  2 giant cockroaches
  18 goblins
  11 hobgoblins
  4 jackals (D:4)
  A quokka (D:4)
  6 ball pythons
  4 frilled lizards
  11 kobolds
  5 rats
667 creatures vanquished.

Vanquished Creatures (others)
  40 fungi
  64 plants
104 creatures vanquished.

Grand Total: 771 creatures vanquished

Notes
Turn   | Place    | Note
-------+----------+-------------------------------------------
     0 | D:1      | PhantomBowie the Gargoyle Berserker began the quest for the
                  | Orb.
     0 | D:1      | Reached XP level 1. HP: 14/14 MP: 1/1
   121 | D:1      | Reached XP level 2. HP: 9/19 MP: 2/2
   496 | D:1      | Found a faded altar of an unknown god.
   931 | D:1      | Reached XP level 3. HP: 23/23 MP: 3/3
  1029 | D:1      | Reached ** piety under Trog
  1568 | D:2      | Noticed Natasha
  1578 | D:2      | Killed Natasha
  1579 | D:2      | Reached XP level 4. HP: 19/29 MP: 4/4
  1585 | D:2      | Noticed Natasha
  1748 | D:2      | Killed Natasha
  1850 | D:2      | Noticed Natasha
  1856 | D:2      | Killed Natasha
  1857 | D:2      | Reached XP level 5. HP: 33/33 MP: 5/5
  2619 | D:3      | Reached XP level 6. HP: 39/39 MP: 6/6
  3119 | D:4      | Reached *** piety under Trog
  3267 | D:4      | Identified the +1 helmet of a wizard's laboratory {Stlth+}
  3267 | D:4      | Noticed Robin
  3458 | D:4      | Killed Robin
  4041 | D:4      | Reached skill level 5 in Fighting
  4060 | D:4      | Found a staircase to the Ecumenical Temple.
  4067 | Temple   | Entered the Ecumenical Temple
  4331 | D:4      | Reached XP level 7. HP: 29/44 MP: 7/7
  4613 | D:5      | Entered Level 5 of the Dungeon
  5044 | D:5      | Reached skill level 5 in Maces & Flails
  5111 | D:5      | Identified the ring of Vutin {Fly rPois SInv}
  5158 | D:5      | Reached skill level 5 in Armour
  5158 | D:5      | Reached **** piety under Trog
  5272 | D:5      | Found an opulent altar of Gozag.
  5344 | D:5      | Reached XP level 8. HP: 51/51 MP: 8/8
  5471 | D:5      | Found an iron altar of Okawaru.
  5472 | D:5      | Found a white marble altar of Elyvilon.
  5474 | D:5      | Found a sparkling altar of Nemelex Xobeh.
  5489 | D:5      | Found a bloodstained altar of Trog.
  5832 | D:6      | Noticed Grinder
  5851 | D:6      | Paralysed by Grinder for 5 turns
  5869 | D:6      | Paralysed by Grinder for 2 turns
  5876 | D:6      | Killed Grinder
  6150 | D:6      | Reached XP level 9. HP: 52/57 MP: 9/9
  6418 | D:6      | Reached skill level 5 in Dodging
  6818 | D:7      | Found a burning altar of Makhleb.
  7343 | D:7      | Identified the +7 dagger of Frustration {vorpal, rPois rC+
                  | Str-4}
  7412 | D:7      | Found a broken altar of Ashenzari.
  7518 | D:7      | Reached ***** piety under Trog
  8820 | D:8      | Found a glowing golden altar of the Shining One.
  8949 | D:8      | Found Puwkust's Magic Scroll Boutique.
  8960 | D:8      | Bought a scroll of teleportation for 36 gold pieces
  8960 | D:8      | Bought a scroll of blinking for 90 gold pieces
  9086 | D:8      | Reached XP level 10. HP: 41/64 MP: 10/10
  9332 | D:8      | Identified the +7 giant spiked club of the Abyss {protect,
                  | *Corrode rPois Str+3 Dex+3}
 10139 | D:9      | Found a runed translucent door.
 10139 | D:9      | Noticed KittyFluff's ghost (novice GrBe)
 10819 | D:10     | Entered Level 10 of the Dungeon
 11793 | D:9      | Identified the +2 dire flail of the Hummingbird {vorpal,
                  | Dex+4} (Trog gifted it to you on level 9 of the Dungeon)
 11793 | D:9      | Received a gift from Trog
 12138 | D:10     | Reached XP level 11. HP: 22/71 MP: 11/11
 12566 | D:10     | Found a stormy altar of Qazlal.
 12821 | D:10     | Found a staircase to the Lair.
 13196 | Lair:1   | Entered Level 1 of the Lair of Beasts
 13357 | Lair:1   | Reached skill level 10 in Fighting
 13545 | Lair:1   | Noticed a death yak
 13575 | Lair:1   | Noticed a death yak
 13577 | Lair:1   | Noticed a death yak
 13578 | Lair:1   | Killed a death yak
 13586 | Lair:1   | Killed a death yak
 13587 | Lair:1   | Reached skill level 10 in Armour
 13598 | Lair:1   | Killed a death yak
 14208 | Lair:1   | Noticed a seven-headed hydra
 14215 | Lair:1   | Killed a seven-headed hydra
 14289 | Lair:1   | Noticed a death yak
 14289 | Lair:1   | Noticed a death yak
 14289 | Lair:1   | Noticed a death yak
 14290 | Lair:1   | Noticed a death yak
 14329 | D:10     | Killed a death yak
 14330 | D:10     | Reached skill level 10 in Maces & Flails
 14466 | D:11     | Reached XP level 12. HP: 80/80 MP: 12/12
 14587 | D:11     | Found a staircase to the Orcish Mines.
 15351 | D:11     | Received a gift from Trog
 16187 | Orc:1    | Entered Level 1 of the Orcish Mines
 17646 | Orc:2    | Entered Level 2 of the Orcish Mines
 17694 | Orc:2    | Found a staircase to the Elven Halls.
 18112 | Orc:2    | Received a gift from Trog
 19479 | Orc:2    | Found Pufonnu Says's Book Emporium.
 19696 | Orc:2    | Found Wicvif's Antique Weapon Shoppe.
 20200 | Orc:2    | Noticed an orc high priest
 20272 | Orc:2    | Killed an orc high priest
 20273 | Orc:2    | Reached XP level 13. HP: 73/86 MP: 13/13
 20520 | Orc:2    | Noticed an orc warlord
 21347 | Lair:2   | Received a gift from Trog
 21647 | Lair:2   | Noticed Gastronok
 21677 | Lair:2   | Killed Gastronok
 21976 | Lair:2   | Found a staircase to the Snake Pit.
 22132 | Lair:2   | Identified the +5 spear of the Thieving Oracle {freeze, rC-
                  | rN+++ Dex-2 Stlth+}
 22149 | Lair:2   | Found a staircase to the Swamp.
 22880 | Lair:3   | Reached skill level 10 in Dodging
 23351 | Lair:3   | Found a runed translucent door.
 23966 | Lair:2   | Gained mutation: Your large and strong wings let you fly.
                  | [Gargoyle growth]
 23966 | Lair:2   | Reached XP level 14. HP: 50/94 MP: 14/14
 24241 | Lair:3   | Noticed Josephine
 24271 | Lair:3   | Killed Josephine
 25076 | Lair:4   | Found a staircase to the Slime Pits.
 25112 | Lair:4   | Found a viscous altar of Jiyva.
 25436 | Lair:4   | Identified the +0 kite shield of Tachorchuu {Will+ Str+4
                  | Dex+2}
 25698 | Lair:5   | Entered Level 5 of the Lair of Beasts
 25901 | Lair:4   | Reached skill level 1 in Shields
 26138 | Lair:5   | Received a gift from Trog
 26393 | Lair:5   | Noticed Kirke
 27040 | Lair:5   | Identified the +5 rapier of Jiurox {flame, *Corrode rN+
                  | MP+9 Int+4}
 28320 | Lair:5   | Reached XP level 15. HP: 63/101 MP: 15/15
 28556 | Lair:5   | Received a gift from Trog
 28602 | Lair:5   | Slain by Kirke

Illustrated notes

Levels and vault maps discovered:
D:1:      psy_arrival_whirlpool, layout_loops_ring,
          hellmonk_ecumenical_altar_leap_of_faith
D:2:      layout_rooms, kennysheep_boxes, uniq_natasha
D:3:      layout_basic
D:4:      nicolae_cairo_tiling_large_dashed, layout_cave_pools,
          minmay_temple_entry_mini_moons, serial_rivers,
          chequers_serial_rivers_micro_b, chequers_serial_rivers_micro_c,
          chequers_serial_rivers_small_b, chequers_serial_rivers_micro_d,
          chequers_serial_rivers_micro_b, chequers_serial_rivers_large_b,
          minmay_misc_feat_square, kennysheep_minor_cross,
          minmay_joined_circles, uniq_robin
D:5:      layout_gridville, nicolae_overflow_quartered_altars,
          amcnicky_altar_gilded
D:6:      layout_rooms, uniq_grinder
D:7:      layout_gridville, nicolae_ashenzari_panopticon,
          makhleb_blood_cavern_becter
D:8:      layout_loops_ring, nicolae_tso_carved_into_rock,
          roderic_serpentine_path, nicolae_stop_n_shop_1, nicolae_water_bricks
D:9:      layout_basic, gammafunk_ghost_grave, minmay_stone_trees_medium,
          kennysheep_generic_room_12
D:10:     layout_stronghold, nicolae_qazlal_scattered_showers,
          grunt_lair_entry_orc_guard_hut
D:11:     layout_loops_ring, david_orc_5
Temple:   cyrus_circular_temple
Lair:1:   layout_chaotic_city, gauntlet_entry_generic
Lair:2:   layout_misc_corridors, skrybe_swamp_entry_bodies,
          guppyfry_snake_entry_island, uniq_gastronok
Lair:3:   layout_roguey, pf_torpor_hydra, grunt_megastairs_2,
          serial_bayou_shore_a, uniq_josephine
Lair:4:   layout_big_grid, minmay_slime_entry_pillars, lemuel_fruit_tree
Lair:5:   minmay_lair_end_enchanted_forest, layout_regular_city,
          nicolae_volcano_entry_two_sided, minivault_24, uniq_kirke
Orc:1:    layout_diamond_mine, basic_altar, nicolae_orc_rockfall
Orc:2:    grunt_orc_community_town_hall, layout_caves,
          grunt_orc_community_big_house_1, grunt_orc_community_big_house_2,
          grunt_orc_community_house_3, grunt_orc_community_house_3,
          grunt_orc_community_house_3, grunt_orc_community_house_2,
          grunt_orc_community_house_2, grunt_orc_community_house_1,
          mines5_lemuel

Skill      XL: |  1  2  3  4  5  6  7  8  9 10 11 12 13 14 |
---------------+-------------------------------------------+-----
Dodging        | 2 3 4 5 7 8 9 10 11 | 11.3
Armour         | 3 4 5 6 7 9 10 12 13 14 | 14.3
Fighting       | 4 5 7 8 9 11 12 13 14 | 14.6
Maces & Flails | 4 5 6 7 8 10 11 12 13 | 13.4
Shields        | 4 |  4.6

Action                   |  1- 3 |  4- 6 |  7- 9 | 10-12 | 13-15 || total
-------------------------+-------+-------+-------+-------+-------++-------
Melee: Mace              |    99 |    92 |       |       |       ||   191
       Punch             |       |     6 |     4 |     2 |       ||    12
       Flail             |       |   173 |   245 |       |       ||   418
       Morningstar       |       |       |   232 |   213 |       ||   445
       Dire flail        |       |       |       |   324 |       ||   324
       Great mace        |       |       |       |   435 |   900 ||  1335
       Unarmed           |       |       |       |       |     8 ||     8
Invok: Berserk           |       |       |     3 |     4 |     2 ||     9
  Use: Scroll            |       |     9 |     8 |     3 |     3 ||    23
       Potion            |       |       |       |       |     2 ||     2
Armor: Animal skin       |    12 |       |       |       |       ||    12
       Leather armour    |    17 |    94 |       |       |       ||   111
       Ring mail         |       |    86 |    21 |       |       ||   107
       Plate armour      |       |       |   482 |   494 |   716 ||  1692
Dodge: Dodged            |    50 |   170 |   259 |   573 |   623 ||  1675
Block: Other             |       |       |       |   186 |   231 ||   417
       Reflection        |       |       |       |     4 |       ||     4
